 Dungeon Crawl Stone Soup version 0.18-a0-1789-gbeff17f (webtiles) character file.

2957 M4edhros the Blocker (level 9, -1/50 (51) HPs)
             Began as an Octopode Necromancer on Apr 21, 2016.
             Was an Elder of Cheibriados.
             Slain by a troll (15 damage)
             ... on level 11 of the Dungeon.
             The game lasted 00:29:35 (4315 turns).

M4edhros the Blocker (Octopode Necromancer)         Turns: 4315, Time: 00:29:35

HP:   -1/50 (51)    AC:  5    Str: 17    XL:     9   Next: 81%
MP:   11/12         EV: 12    Int: 28    God:    Cheibriados [****..]
Gold: 194           SH: 12    Dex: 25    Spells: 3 memorised, 7 levels left

rFire  . . .     SeeInvis .       - Unarmed
rCold  . . .     Gourm    .     r - +0 shield
rNeg   + + .     Faith    .     (helmet restricted)
rPois  .         Spirit   .     (no amulet)
rElec  .         Dismiss  .     g - +4 ring of protection
rCorr  +         Reflect  .     l - ring of positive energy
SustAt .         Harm     .     v - ring of resist corrosion
MR     .....                    A - ring of positive energy
Stlth  ++++......               (no ring)
                                (no ring)
                                (no ring)
                                (no ring)

@: invisible, very slow, not resistant to hostile enchantments, stealthy
A: almost no armour, amphibious, 8 rings, constrict 8, camouflage 1, gelatinous
body 1
a: Bend Time, Temporal Distortion, Slouch, Renounce Religion


You were on level 11 of the Dungeon.
You worshipped Cheibriados.
Cheibriados was greatly pleased with you.
You were not hungry.

You visited 3 branches of the dungeon, and saw 13 of its levels.

You collected 361 gold pieces.
You spent 167 gold pieces at shops.

Inventory:

Hand Weapons
 c - a +0 trident
 C - a +0 hunting sling
Missiles
 d - 115 stones (quivered)
 e - 19 tomahawks
 o - 26 sling bullets
Armour
 r - a +0 shield (worn)
Jewellery
 g - a +4 ring of protection (left tentacle)
 l - a ring of positive energy (right tentacle)
 v - a ring of resist corrosion (on tentacle)
 A - a ring of positive energy (on tentacle)
Wands
 p - a wand of flame (18/48)
 x - a wand of flame (25/48)
Scrolls
 f - 3 scrolls of remove curse
 h - a scroll of amnesia
 i - 2 scrolls of fog
 j - 2 scrolls of teleportation
 n - a scroll of immolation {unknown}
 q - a scroll of recharging
 s - 3 scrolls of noise
 y - 2 scrolls of magic mapping
 B - a scroll of fear
Books
 a - a book of Necromancy

   Spells                             Type                      Level
   a - Pain                           Necromancy                   1
   b - Animate Skeleton               Necromancy                   1
   c - Vampiric Draining              Necromancy                   3
   d - Regeneration                   Charms/Necromancy            3
   e - Animate Dead                   Necromancy                   4
   f - Control Undead                 Necromancy                   4
 z - a book of Annihilations

   Spells                             Type                      Level
   a - Poison Arrow                   Conjuration/Poison           6
   b - Chain Lightning                Conjuration/Air              8
   c - Lehudib's Crystal Spear        Conjuration/Earth            8
   d - Glaciate                       Conjuration/Ice              9
   e - Fire Storm                     Conjuration/Fire             9
Comestibles
 b - 8 bread rations
 k - 3 fruits
 m - a chunk of flesh
 u - 2 meat rations
 w - a slice of pizza


   Skills:
 - Level 2.0 Dodging
 - Level 2.6 Stealth
 * Level 9.4 Shields
 + Level 8.8 Unarmed Combat
 - Level 2.0 Spellcasting
 - Level 4.0 Necromancy
 * Level 2.9 Invocations


You had 7 spell levels left.
You knew the following spells:

 Your Spells              Type           Power        Failure   Level  Hunger
a - Pain                  Necr           ####         3%          1    None
b - Regeneration          Chrm/Necr      ##........   24%         3    ###....
c - Animate Skeleton      Necr           N/A          3%          1    None


Dungeon Overview and Level Annotations

Branches:
Dungeon (11/15)            Temple (1/1) D:7            Lair (1/8) D:9
    Orc: D:9-12

Altars:
Ashenzari
Cheibriados
Dithmenos
Elyvilon
Gozag
Kikubaaqudgha
Makhleb
Okawaru
Pakellas
Qazlal
Trog
Yredelemnul
Zin
The Shining One

Shops:
D:5 *   D:9 :


Innate Abilities, Weirdness & Mutations

You cannot wear most types of armour.
You are amphibious.
You can wear up to eight rings at the same time.
You can use your tentacles to constrict eight enemies at once.
Your skin changes colour to match your surroundings (Stealth).
Your rubbery body absorbs attacks (AC +1).


Message History

You bludgeon the troll! You squeeze the troll.
The troll is heavily wounded.
The troll barely misses you. The troll claws you but does no damage.
The troll closely misses you. You block the kobold's attack.
You tentacle-slap the troll. Your squeeze misses the troll.
The troll is heavily wounded.
You block the troll's attack. The troll claws you.
You block the troll's attack.
The kobold hits you with a dagger of distortion.
Space bends around you.
You tentacle-slap the troll.
The troll is heavily wounded.
You block the troll's attack. The troll claws you! x2
* * * LOW HITPOINT WARNING * * *
The kobold barely misses you.
Your orc skeleton closely misses the troll.
Drink which item? (? for menu, Esc to quit)
You fade into invisibility!
The troll bites you!
You die...

#........# ..#........#
....... ..#........#
.......
..#........######.......#
........................#
...................O....#
........................#
........................#
................@K......#
................TZ......#
..................).....#
........................#
........................#
........................#
.K..o.........>.........#
KT..<...................#
KK).....................#


You could see a troll, an ogre, a kobold and a friendly orc skeleton.

Vanquished Creatures
  A kobold demonologist (D:11)
  Prince Ribbit (D:10)
  A spriggan (D:8)
  A hell hound (D:9)
  3 orc warriors
  An ice beast (D:8)
  An ogre (D:8)
  3 centaurs
  2 big kobolds
  Blork the orc (D:4)
  5 giant frogs
  A scorpion (D:9)
  A howler monkey (D:5)
  2 crimson imps
  A wasp zombie (D:8)
  A giant frog zombie (D:5)
  A hound (D:4)
  4 orc wizards
  2 orc priests (D:7)
  3 jellies
  2 iguanas
  6 worker ants
  A hound skeleton (D:6)
  Robin (D:3)
  5 adders
  A shadow imp (D:8)
  An adder skeleton (D:5)
  2 worms (D:3)
  2 dart slugs
  5 giant geckos
  22 orcs
  3 ball pythons
  2 bats (D:1)
  3 giant cockroaches
  8 goblins
  3 hobgoblins
  4 jackals (D:9)
  6 kobolds
  3 quokkas
  2 giant newts (D:3)
  2 jackal zombies (D:5)
  3 rats
123 creatures vanquished.

Vanquished Creatures (collateral kills)
  A hell hound (D:9)
  An ogre (D:9)
  A crocodile (D:7)
  A hound skeleton (D:10)
  An orc (D:7)
5 creatures vanquished.

Grand Total: 128 creatures vanquished

Notes
Turn   | Place    | Note
--------------------------------------------------------------
     0 | D:1      | M4edhros the Octopode Necromancer began the quest for the Orb.
     0 | D:1      | Reached XP level 1. HP: 11/11 MP: 3/3
    55 | D:1      | Reached skill level 1 in Unarmed Combat
   156 | D:1      | Reached XP level 2. HP: 10/17 MP: 1/5
   383 | D:3      | Reached XP level 3. HP: 13/21 MP: 6/6
   391 | D:3      | Learned a level 3 spell: Regeneration
   517 | D:3      | Noticed Robin
   595 | D:3      | Killed Robin
   650 | D:3      | You fall through a shaft for 3 floors!
   792 | D:6      | Noticed a phantom
   800 | D:5      | Entered Level 5 of the Dungeon
   821 | D:5      | Reached XP level 4. HP: 24/27 MP: 4/7
  1164 | D:6      | Noticed a phantom
  1184 | D:7      | Noticed a giant frog
  1228 | D:7      | Reached XP level 5. HP: 16/31 MP: 8/8
  1241 | D:7      | Learned a level 1 spell: Animate Skeleton
  1283 | D:7      | Noticed a crocodile
  1292 | D:7      | Noticed Prince Ribbit
  1322 | D:7      | Found a staircase to the Ecumenical Temple.
  1332 | Temple   | Entered the Ecumenical Temple
  1340 | Temple   | Became a worshipper of Cheibriados the Contemplative
  1454 | D:5      | Reached skill level 5 in Unarmed Combat
  1520 | D:5      | Found Vais's Assorted Antiques.
  1531 | D:5      | Bought a shield for 103 gold pieces
  1570 | D:4      | Reached XP level 6. HP: 34/36 MP: 6/9
  1602 | D:4      | Found an opulent altar of Gozag.
  1609 | D:4      | Found a bloodstained altar of Trog.
  1663 | D:4      | Reached skill level 1 in Shields
  1742 | D:3      | Reached * piety under Cheibriados
  1838 | D:4      | Noticed Blork the orc
  1903 | D:4      | Reached skill level 2 in Shields
  1950 | D:4      | Killed Blork the orc
  2165 | D:5      | Bought a scroll labeled RUCWID KAJEMP for 23 gold pieces
  2165 | D:5      | Bought 2 green potions for 41 gold pieces
  2223 | D:5      | Reached skill level 3 in Shields
  2287 | D:5      | Reached XP level 7. HP: 39/41 MP: 6/10
  2630 | D:8      | Noticed a spriggan baker
  2635 | D:8      | Killed a spriggan baker
  2635 | D:8      | Reached ** piety under Cheibriados
  2635 | D:8      | Reached skill level 4 in Shields
  2695 | D:7      | Reached skill level 5 in Shields
  2804 | D:7      | Reached XP level 8. HP: 46/46 MP: 11/11
  2932 | D:7      | Reached skill level 6 in Shields
  3054 | D:9      | Found a basalt altar of Yredelemnul.
  3185 | D:9      | Found a staircase to the Lair.
  3243 | D:9      | Found Ciul's Book Shoppe.
  3252 | D:9      | Reached skill level 7 in Shields
  3269 | D:9      | Reached *** piety under Cheibriados
  3493 | D:8      | Reached XP level 9. HP: 40/50 MP: 12/12
  3598 | D:8      | Reached skill level 8 in Shields
  3823 | Lair:1   | Entered Level 1 of the Lair of Beasts
  3866 | Lair:1   | Noticed a komodo dragon
  3965 | D:10     | Entered Level 10 of the Dungeon
  4091 | D:10     | Killed Prince Ribbit
  4091 | D:10     | Reached **** piety under Cheibriados
  4091 | D:10     | Reached skill level 9 in Shields
  4228 | D:11     | Reached skill level 1 in Invocations
  4239 | D:11     | Noticed a kobold demonologist
  4242 | D:11     | Noticed a troll
  4246 | D:11     | Killed a kobold demonologist
  4315 | D:11     | Slain by a troll

Vault maps used:
D:1:      nagdon_arrival_zigzag_paths
D:2:      hex_large, ashenzari_altar_1, uniq_natasha, uniq_terence
D:3:      uniq_robin
D:4:      grunt_temple_overflow_open, serial_glass, glass_columns_b,
          glass_columns_a, feat_on_display, uniq_duvessa, uniq_blork_the_orc
D:5:      first_bread, serial_shops, nicolae_shop_overgrown_old_shop,
          minmay_misc_feat_alley
D:6:      kennysheep_potato
D:7:      minmay_temple_entry_glass, uniq_prince_ribbit1
D:8:      special_room, the_bakery, bh_walls_and_bars
D:9:      minmay_lair_entry_lava, basic_altar, serial_aquarium,
          aquarium_bridge_straight, aquarium_window_fake, aquarium_window_2,
          aquarium_window_fake, aquarium_view_2d, aquarium_view_2c,
          aquarium_balcony_3b, serial_shops, nicolae_shop_crystal,
          minmay_door_square
D:10:     nicolae_straight_to_the_point
Temple:   dpeg_three_leaves_temple_18
Lair:1:   lemuel_fruit_tree

Skill      XL: |  1  2  3  4  5  6  7  8  9 |
---------------+----------------------------+-----
Unarmed Combat | 1 2 3 4 5 6 7 8 |  8.8
Shields        | 3 5 7 9 |  9.4
Invocations    | 2 |  2.9
Dodging        | |  2.0
Stealth        | |  2.6
Spellcasting   | |  2.0
Necromancy     | |  4.0

Action                   |  1- 3 |  4- 6 |  7- 9 || total
-------------------------+-------+-------+-------++-------
Melee: Unarmed           |    47 |    86 |   193 ||   326
       Constrict         |     8 |    19 |    42 ||    69
       Tentacles         |     6 |    14 |    72 ||    92
       Punch             |       |     1 |    17 ||    18
 Cast: Pain              |    25 |    45 |     4 ||    74
       Regeneration      |     3 |     7 |    17 ||    27
       Animate Skeleton  |       |     2 |    22 ||    24
Evoke: Wand              |       |       |     7 ||     7
  Use: Potion            |     1 |     5 |     7 ||    13
       Scroll            |       |     7 |     6 ||    13
 Stab: Sleeping          |     3 |     3 |     5 ||    11
       Distracted        |       |       |     5 ||     5
       Invisible         |       |       |     3 ||     3
  Eat: Chunk             |       |     6 |     8 ||    14
Armor: Skin              |    11 |    18 |    34 ||    63
Dodge: Dodged            |    15 |    30 |    71 ||   116
Block: Shield            |       |     7 |   119 ||   126
